Map: Orbital Shipyard

Players

LilDicky

  • Race: Zerg Zerg
  • League: Diamond

Neverman - Winner!

  • Race: Terran Terran
  • League: Platinum

VOD

http://www.twitch.tv/tumescentpie

Description

Time

  • Played on: Dec. 15, 2015, 8:25 p.m.
  • Length: 11:22
Show
View Real Time Build Order
Export as new Build Order

LilDicky Zerg 

Build Orders: Hatch First 

Get SALT Encoding   

  12  0:07  Drone  
  12  0:13  Drone  
  14  0:20  Overlord  
  14  0:42  Hatchery  
  13  0:45  Drone  
  14  0:51  Drone  
  15  1:00  Drone  
  16  1:12  Spawning Pool  
  16  1:15  Drone  
  16  1:17  Drone  
  17  1:25  Drone  
  17  1:29  Drone  
  19  1:48  Drone, Extractor  
  19  1:51  Overlord  
  19  2:00  Queen x2  
  23  2:02  Drone  
  23  2:38  Spine Crawler  
  20  2:59  Metabolic Boost  
  20  3:01  Queen  
  20  3:02  Queen  
  23  3:27  Drone x4  
  23  3:28  Drone x4  
  31  3:34  Hatchery  
  29  3:48  Lair  
  29  3:54  Queen  
  31  3:59  Drone  
  31  4:00  Drone  
  33  4:26  Overlord  
  33  4:29  Queen  
  33  4:30  Extractor  
  34  4:32  Extractor x2  
  32  5:13  Spore Crawler  
  29  5:14  Spine Crawler  
  26  5:23  Zergling x2  
  26  5:24  Zergling x22  
  26  5:25  Zergling x8  
  38  5:31  Drone  
  37  5:59  Queen  
  39  6:11  Overseer  
  38  6:14  Drone x3  
  29  6:58  Drone x6  
  29  6:59  Drone  
  36  7:50  Spire  
  35  7:59  Drone x6  
  35  8:01  Overlord x2  
  38  8:13  Spore Crawler  
  37  8:20  Spore Crawler  
  36  9:06  Mutalisk x2  
  36  9:07  Mutalisk x4  
  48  9:10  Drone  
  49  10:02  Mutalisk  
  49  10:03  Mutalisk x3  
  49  10:06  Overlord x2  
  57  10:31  Mutalisk x5  
Show
View Real Time Build Order
Export as new Build Order

Neverman Terran - Winner!

Build Orders: Reaper Expand 

Get SALT Encoding   

  12  0:01  SCV  
  13  0:13  SCV  
  14  0:19  Supply Depot  
  14  0:25  SCV  
  15  0:39  Refinery  
  15  0:42  Barracks  
  15  0:45  SCV  
  16  0:57  SCV  
  17  1:10  SCV  
  18  1:22  SCV  
  19  1:29  Reaper  
  20  1:36  SCV  
  20  1:37  Command Center  
  21  1:45  Refinery  
  21  1:54  Supply Depot, SCV  
  22  2:08  Factory  
  23  2:16  Orbital Command  
  22  2:54  Widow Mine  
  22  2:55  Starport, Marine  
  25  2:59  Orbital Command  
  25  3:00  SCV  
  26  3:06  Supply Depot  
  26  3:13  Marine  
  26  3:18  SCV  
  28  3:22  Widow Mine  
  30  3:41  Medivac  
  30  3:44  Command Center  
  30  3:48  SCV x2  
  34  3:50  Marine  
  35  3:56  Widow Mine  
  37  4:08  Marine  
  37  4:21  Medivac  
  37  4:23  SCV  
  37  4:24  SCV  
  41  4:28  Marine  
  41  4:30  Factory Tech Lab  
  42  4:39  SCV  
  42  4:40  SCV  
  44  4:46  Marine  
  44  4:52  Siege Tank  
  48  4:53  Starport Tech Lab  
  48  4:56  Orbital Command  
  48  5:26  Marine  
  49  5:44  Marine  
  46  5:58  Banshee, Siege Tank  
  46  6:04  Barracks x2  
  49  6:06  Barracks  
  49  6:08  Engineering Bay  
  49  6:09  Engineering Bay  
  49  6:14  Marine  
  49  6:16  SCV x2  
  52  6:28  SCV x2  
  52  6:30  Siege Tank  
  55  6:33  Orbital Command  
  55  6:40  SCV  
  56  7:02  Terran Infantry Weapons Level 1, Missile Turret  
  56  7:03  Terran Infantry Armor Level 1, Missile Turret  
  56  7:04  Barracks Tech Lab  
  56  7:05  Barracks Reactor x2  
  56  7:09  Siege Tank  
  56  7:10  Barracks  
  56  7:11  Barracks  
  56  7:14  Barracks  
  59  7:15  SCV x2  
  59  7:16  SCV  
  59  7:20  Refinery  
  62  7:22  Refinery  
  62  7:27  SCV  
  62  7:29  Supply Depot  
  63  7:34  SCV, Missile Turret  
  64  7:42  Marauder, Marine x3  
  69  7:46  Stimpack  
  69  7:50  SCV, Marine  
  69  7:51  Starport Reactor  
  71  7:57  Supply Depot  
  71  7:59  Marine  
  71  8:00  Marine x2  
  71  8:02  SCV  
  71  8:03  Marauder  
  77  8:18  Marauder, Marine x6  
  77  8:19  Supply Depot  
  85  8:20  Supply Depot x2  
  85  8:23  Missile Turret  
  85  8:24  Missile Turret  
  85  8:29  Marine  
  85  8:30  SCV, Marauder  
  89  8:34  SCV, Missile Turret  
  89  8:36  Marine  
  89  8:37  Supply Depot  
  89  8:40  Marauder  
  93  8:42  SCV, Supply Depot  
  93  8:43  Marine x2  
  93  8:44  Armory, Refinery, Marine x3  
  93  8:47  SCV, Marine  
  101  8:50  Supply Depot  
  101  8:51  Marauder  
  101  8:53  Marine  
  101  8:54  SCV  
  105  9:01  Marine x3  
  105  9:02  Medivac  
  113  9:05  Marine  
  113  9:06  SCV  
  113  9:07  Medivac  
  117  9:11  Barracks Tech Lab  
  117  9:12  Barracks Reactor  
  117  9:13  Marauder  
  117  9:14  Barracks Tech Lab, Marine  
  117  9:17  Combat Shields  
  117  9:18  SCV  
  117  9:19  Marauder, Marine  
  117  9:21  Refinery  
  121  9:28  Marine x2  
  121  9:29  Marine  
  124  9:34  Marauder  
  124  9:35  Missile Turret  
  126  9:52  Marauder, Marine x4  
  129  10:04  Marauder, Marine x4  
  129  10:05  Command Center  
  129  10:06  Barracks  
  135  10:10  Marine x4  
  139  10:35  Marauder  
  141  11:10  Supply Depot  
  141  11:12  Barracks Tech Lab  
  141  11:13  Supply Depot  
Tags
 
Add a new tag
Caveats
  • Supply blocks, unpowered buildings, or Contaminate may cause inaccurate times.
  • Supply counts are checked every 10 seconds.